 Dungeon Crawl Stone Soup version 0.24.0-123-gd5b16e6ec5 (webtiles) character file.

Game seed: 9618019936658055519, levelgen mode: deterministic

637 HumanMimic the Cutter (level 7, 54/54 HPs)
             Began as a Naga Wanderer on Jan 11, 2020.
             Was an Initiate of Wu Jian.
             Quit the game on level 5 of the Dungeon.
             The game lasted 00:51:22 (4749 turns).

HumanMimic the Cutter (Naga Wanderer)               Turns: 4749, Time: 00:51:23

Health: 54/54      AC:  4    Str: 15    XL:     7   Next: 50%
Magic:  8/8        EV:  9    Int: 16    God:    Wu Jian [......]
Gold:   47         SH:  0    Dex: 10    Spells: 2/8 levels left

rFire    . . .     SeeInvis +   a - +4 dagger
rCold    . . .     Gourm    .   (no shield)
rNeg     . . .     Faith    .   e - +0 robe
rPois    +         Spirit   .   (helmet restricted)
rElec    .         Reflect  .   (no cloak)
rCorr    .         Harm     .   h - +0 pair of gloves
MR       .....                  (no barding)
Stlth    +++.......             d - amulet of magic regeneration
HPRegen  0.18/turn              (no ring)
MPRegen  0.36/turn              (no ring)

@: confusing touch, very slightly contaminated, very slow
A: large, horns 1, thin skeletal structure 1, see invisible, deformed body,
frail 1, poison resistance, slowness 2, slow metabolism 1, spit poison 1,
evolution 1, MP-powered wands, AC +2
a: Spit Poison, Renounce Religion


You were on level 5 of the Dungeon.
You worshipped Wu Jian.
Wu Jian was noncommittal.
You were not hungry.

You visited 1 branch of the dungeon, and saw 6 of its levels.

You collected 156 gold pieces.
You spent 109 gold pieces at shops.

Inventory:

Hand Weapons
 a - a +4 dagger (weapon)
Missiles
 v - 4 javelins
 F - a curare-tipped dart (quivered)
Armour
 c - a +0 leather armour
 e - a +0 robe (worn)
 h - a +0 pair of gloves (worn)
Jewellery
 d - an amulet of magic regeneration (around neck)
 j - an uncursed amulet of harm {unknown}
Wands
 D - a wand of digging (3)
Scrolls
 b - a scroll of enchant weapon
 f - a scroll of fog
 i - a scroll of random uselessness
 n - a scroll of immolation
 p - a scroll of blinking {unknown}
 w - a scroll of amnesia {unknown}
 T - 2 scrolls of teleportation {@r3}
 W - 2 scrolls of remove curse {@r2}
Potions
 l - 2 potions of mutation
 x - a potion of magic {unknown}
 Q - 2 potions of curing {@q1}
Comestibles
 z - 7 rations


   Skills:
 - Level 2.0 Fighting
 - Level 4.0 Short Blades
   Level 1.7 Crossbows
 - Level 1.0 Throwing
 - Level 1.5 Armour
 + Level 3.8 Stealth
 - Level 1.0 Spellcasting
 - Level 2.0 Conjurations
 * Level 1.0 Hexes
   Level 1.0 Charms
 - Level 1.0 Necromancy
 - Level 3.0 Air Magic
 - Level 2.0 Earth Magic
 - Level 4.0 Poison Magic


You had 2 spell levels left.
You knew the following spells:

 Your Spells              Type           Power        Failure   Level  Hunger
a - Sandblast             Erth           #.....       10%         1    ##.....
b - Confusing Touch       Hex            #.....       14%         1    ##.....
m - Mephitic Cloud        Conj/Pois/Air  ##......     21%         3    ####...
z - Animate Skeleton      Necr           N/A          16%         1    ##.....

Your spell library contained the following spells:

 Spells                   Type           Power        Failure   Level  Hunger
 Sting                    Conj/Pois      ##..         7%          1    ##.....
 Apportation              Tloc           #.....       22%         1    ##.....
 Summon Small Mammal      Summ           #...         22%         1    ##.....
 Stone Arrow              Conj/Erth      #.....       30%         3    ####...


Dungeon Overview and Level Annotations

Branches:
Dungeon (7/15)             Temple (0/1) D:6

Altars:
Wu Jian

Shops:
D:7 *

Annotations:
D:3 1 exclusion, Terence
D:6 exclusion: zombie


Innate Abilities, Weirdness & Mutations

You cannot wear boots.
Your serpentine skin is tough. (AC +2)
You have supernaturally acute eyesight. (SInv)
Armour fits poorly on your strangely shaped body.
Your system is resistant to poisons. (rPois)
You cover ground very slowly.
You have a slow metabolism.
You can spit poison.
You have a pair of small horns on your head.
You have a somewhat thin skeletal structure. (Dex +2, Stealth)
You are frail. (-10% HP)
You evolve.
You expend magic power (3 MP) to strengthen your wands.


Message History

Unknown command.
Unknown command.
Unknown command.
Unknown command.
Unknown command.
Unknown command.
Unknown command.
Unknown command.
Unknown command.
Unknown command.
Unknown command.
Are you sure you want to abandon this character and quit the game? (Confirm with "yes".)
Okay, then.
Unknown command.
Unknown command.
Are you sure you want to abandon this character and quit the game? (Confirm with "yes".)
Okay, then.
Unknown command.
Unknown command.
Are you sure you want to abandon this character and quit the game? (Confirm with "yes".)

#+###
##+###...####.#
...............
.......@.......
...............
....##.....##.Y
... ####### .


You could see a sky beast (sleeping).

Vanquished Creatures
  A phantom
  A scorpion
  2 crimson imps
  2 jellies
  2 quasits
  An orc priest Ijyb
  An orc wizard
  4 worker ants
  7 adders
  A shadow imp
  3 worms
  2 leopard geckos
  8 orcs
  3 bats
  3 giant cockroaches
  13 goblins
  7 hobgoblins
  A ball python
  3 frilled lizards
  5 kobolds
  5 rats
76 creatures vanquished.

Notes
Turn   | Place    | Note
-------+----------+-------------------------------------------
     0 | D:1      | HumanMimic the Naga Wanderer began the quest for the Orb.
     0 | D:1      | HumanMimic set off with the following items: a +2 dagger, a
                  | +0 robe, a ration, a potion of haste {@q3}; and the
                  | following spells available to memorise: Sandblast, Sting,
                  | Mephitic Cloud, Stone Arrow
     0 | D:1      | Reached XP level 1. HP: 18/18 MP: 2/2
     0 | D:1      | Str 14 Int 14 Dex 8
    84 | D:1      | Reached skill level 2 in Stealth
    87 | D:1      | Learned a level 1 spell: Sandblast
   389 | D:1      | Reached skill level 1 in Earth Magic
   471 | D:1      | Reached XP level 2. HP: 17/25 MP: 3/3
   971 | D:1      | Reached skill level 2 in Earth Magic
  1224 | D:2      | Reached XP level 3. HP: 24/31 MP: 4/4
  1776 | D:2      | Reached skill level 2 in Fighting
  1873 | D:2      | Reached skill level 3 in Stealth
  1878 | D:2      | Learned a level 3 spell: Mephitic Cloud
  2181 | D:2      | Reached XP level 4. HP: 39/39 MP: 5/5
  2405 | D:2      | Reached skill level 1 in Poison Magic
  2735 | D:3      | Noticed Ijyb
  2742 | D:3      | Killed Ijyb
  2742 | D:3      | Reached skill level 1 in Conjurations
  2742 | D:3      | Reached skill level 1 in Air Magic
  2814 | D:3      | Reached skill level 2 in Poison Magic
  2908 | D:3      | Reached XP level 5. HP: 41/45 MP: 6/6
  3002 | D:3      | Noticed Terence
  3319 | D:3      | Reached skill level 2 in Conjurations
  3319 | D:3      | Reached skill level 3 in Poison Magic
  3345 | D:3      | Learned a level 1 spell: Animate Skeleton
  3347 | D:3      | Learned a level 1 spell: Confusing Touch
  3348 | D:3      | Found an ornate altar of the Wu Jian Council.
  3353 | D:3      | Became a worshipper of the Wu Jian Council
  3447 | D:3      | You fall into a shaft and drop 3 floors!
  3447 | D:6      | Found a staircase to the Ecumenical Temple.
  3524 | D:6      | Reached skill level 2 in Air Magic
  3565 | D:6      | You fall into a shaft and drop 1 floor!
  3581 | D:7      | Reached skill level 1 in Short Blades
  3581 | D:7      | Reached XP level 6. HP: 51/52 MP: 7/7
  3601 | D:7      | Found Fynnot's Assorted Antiques.
  3604 | D:7      | Bought a scroll labeled LUTHIG JEVVIVU for 28 gold pieces
  3604 | D:7      | Bought a smoky inky potion for 25 gold pieces
  3604 | D:7      | Bought a scroll labeled OBBERGH YGYLAEGG for 28 gold pieces
  3604 | D:7      | Bought a scroll labeled ZORUWU ICOSH for 28 gold pieces
  3624 | D:7      | HP: 7/52 [orc priest/+0 morningstar (9)]
  3629 | D:7      | Reached skill level 2 in Short Blades
  3649 | D:7      | Gained mutation: You are frail. (-10% HP) [potion of
                  | mutation]
  3649 | D:7      | Gained mutation: You evolve. [potion of mutation]
  3649 | D:7      | Gained mutation: You have a somewhat thin skeletal
                  | structure. (Dex +2, Stealth) [potion of mutation]
  3649 | D:7      | Gained mutation: You expend magic power (3 MP) to
                  | strengthen your wands. [potion of mutation]
  3650 | D:7      | HP: 7/46 [quasit (1)]
  3705 | D:7      | Reached skill level 3 in Short Blades
  3880 | D:7      | Noticed a phantom
  3911 | D:7      | Killed a phantom
  3911 | D:7      | Reached XP level 7. HP: 45/54 MP: 8/8
  4103 | D:7      | Reached skill level 4 in Short Blades
  4103 | D:7      | Reached skill level 1 in Hexes
  4207 | D:6      | Gained mutation: You have a pair of small horns on your
                  | head. [evolution]
  4266 | D:6      | Reached skill level 4 in Poison Magic
  4351 | D:5      | Entered Level 5 of the Dungeon
  4399 | D:5      | HP: 10/54 [phantom (10)]
  4403 | D:5      | Reached skill level 3 in Air Magic
  4749 | D:5      | Quit the game

Levels and vault maps discovered:
D:1:      co_arrival_square_in_a_square_in_a_square, layout_basic,
          minmay_misc_feat_room, minmay_misc_feat_cross, minivault_24,
          kennysheep_small_spiral, minmay_tall_x
D:2:      layout_basic
D:3:      layout_rooms, lemuel_doored_altar, uniq_terence, uniq_grinder,
          uniq_ijyb, uniq_crazy_yiuf_cottage
D:5:      layout_gridville, nicolae_tso_besieged_by_evil, marbit_many_paths,
          lemuel_coloured_pillars_altar, cheibrodos_sewer_entry_bend,
          serial_shops, nicolae_shop_overgrown_old_shop, shop,
          kennysheep_little_box, ebering_ghost_disaster_area, first_ration,
          nemelex_diamond_rough_becter
D:6:      layout_basic, minmay_temple_entry_overgrown,
          lightli_ossuary_entry_decrepit_ruins
D:7:      layout_cave_pools, serial_shops, kennysheep_mini

Skill      XL: |  1  2  3  4  5  6  7 |
---------------+----------------------+-----
Stealth        | 2 3 |  3.8
Earth Magic    | 1 2 |  2.0
Fighting       | 2 |  2.0
Poison Magic   | 2 3 4 |  4.0
Conjurations   | 1 2 |  2.0
Air Magic      | 1 2 3 |  3.0
Short Blades   | 1 3 4 |  4.0
Hexes          | 1 |  1.0
Crossbows      | |  1.7
Throwing       | |  1.0
Armour         | |  1.5
Spellcasting   | |  1.0
Charms         | |  1.0
Necromancy     | |  1.0

Action                   |  1- 3 |  4- 6 |  7- 9 || total
-------------------------+-------+-------+-------++-------
Melee: Dagger            |    46 |    56 |    54 ||   156
       Headbutt          |       |       |     6 ||     6
Throw: Stone             |       |    20 |       ||    20
       Javelin           |       |     7 |     3 ||    10
       Dart              |       |     2 |     2 ||     4
 Cast: Sandblast         |     2 |    23 |     1 ||    26
       Confusing Touch   |       |     4 |    11 ||    15
       Animate Skeleton  |       |     2 |       ||     2
Invok: Lunge             |       |     7 |     4 ||    11
 Abil: Spit Poison       |    35 |    40 |     3 ||    78
  Use: Scroll            |     1 |     2 |     4 ||     7
       Potion            |       |     4 |     1 ||     5
 Stab: Sleeping          |       |     1 |       ||     1
       Confused          |       |       |     2 ||     2
  Eat: Chunk             |     4 |     8 |       ||    12
       Ration            |       |       |     1 ||     1
Armor: Robe              |     3 |    15 |    16 ||    34
Dodge: Dodged            |    15 |    35 |    22 ||    72
